[Event "WCCC G12 2019"]
[Site "Weifang"]
[Date "2019.08.21"]
[Round "1"]
[White "Savitha Shri B"]
[Black "Wang, Shunshun"]
[Result "1/2-1/2"]
[ECO "A07"]
[WhiteElo "2010"]
[BlackElo "1366"]
[Annotator "NA"]
[PlyCount "197"]
[EventDate "2019.08.21"]
[EventType "swiss"]
[EventCountry "CHN"]
[SourceTitle "playchess.com"]
[Source "ChessBase"]
[SourceQuality "1"]
[TimeControl "40/5400+30:1800+30"]

1. Nf3 d5 2. g3 Nf6 3. Bg2 e6 4. O-O Nbd7 5. d3 h6 (5... Be7 6. Nbd2 c6 7. e4 Qc7 8. d4 dxe4 9. Ng5 O-O 10. Ndxe4 h6 11. Nxf6+ Nxf6 12. Nf3 Rd8 13. Qe2 b6 {½-½ (61) Harikrishna,P (2665)-Tiviakov,S (2677) Wijk aan Zee 2012}) 6. Nbd2 {A07: Réti Opening: New York and Capablanca Systems} c6 7. e4 $146 ({Predecessor:} 7. b3 Be7 8. Bb2 Qc7 9. a3 O-O 10. c3 Re8 11. Qc2 {½-½ (26) James,J (1997)-Noble,M (2229) Palmerston North 2016}) 7... Qc7 8. Qe2 dxe4 9. dxe4 Be7 10. b3 O-O 11. Bb2 b6 12. e5 Nh7 13. Ne4 Nc5 14. Nd4 Bb7 15. Nd2 Nd7 16. Rfe1 c5 17. Nb5 Qb8 18. f3 a6 19. Na3 b5 20. c4 b4 21. Nc2 Rd8 22. h4 a5 23. a4 Qc7 24. Bh3 Ndf8 25. Ne3 Ng6 26. f4 Bxh4 27. Kh2 Be7 28. Rad1 Rd7 29. Rf1 Ngf8 30. Bg4 Rad8 31. Rf2 Rd3 32. Nd5 R3xd5 33. cxd5 exd5 34. Nf1 c4 35. Ne3 c3 36. Bc1 Bc5 37. Rff1 Ne6 38. Nc2 Qb6 39. Bf5 Nhf8 40. Bd3 Nd4 41. Nxd4 Bxd4 42. Qg4 Bc8 43. Qf3 Ne6 44. Bc2 Ba6 45. Bd3 Bb7 46. Qg4 Nc5 47. Bc2 Ba6 48. Rh1 Ne4 49. Qh4 Re8 50. Rhe1 Bf2 51. Rxe4 dxe4 52. Bxe4 Bb7 53. Rd6 Bg1+ 54. Kh3 Qc7 55. Bd3 Bc8+ 56. f5 Qb7 57. Be4 Qc7 58. Bf4 c2 59. Rc6 Qd8 60. Qxd8 Rxd8 61. Rxc2 g6 62. g4 g5 63. Bg3 Ba6 64. Kg2 Bd4 65. Rc6 Bb7 66. Rg6+ fxg6 67. Bxb7 gxf5 68. gxf5 Re8 69. Bd5+ Kf8 70. Be6 h5 71. Kf3 Bc5 72. Bd7 Re7 73. e6 Rh7 74. f6 g4+ 75. Kg2 h4 76. Bf2 Bd6 77. e7+ Bxe7 78. fxe7+ Kxe7 79. Bxg4 Rh6 80. Kh3 Kd8 (80... Rc6 $11) 81. Bxh4+ Kc7 82. Be2 Re6 83. Bc4 Rg6 84. Bg3+ Kc6 85. Kg2 $16 Rg4 86. Kf3 Rd4 87. Ke3 Rd1 88. Be5 Re1+ 89. Kd4 Rd1+ 90. Bd3 Kb6 91. Kc4 Rc1+ 92. Kd5 Rc5+ 93. Ke4 Rc1 94. Bf6 Kc7 95. Kd4 Rc6 96. Bg5 Rd6+ 97. Kc4 Kb6 98. Be3+ Ka6 99. Bf5 1/2-1/2

[Event "WCCC G12 2019"]
[Site "Weifang"]
[Date "2019.08.21"]
[Round "1"]
[White "Mikheeva, Galina"]
[Black "Wongso, Merissa"]
[Result "1-0"]
[ECO "C56"]
[WhiteElo "1952"]
[BlackElo "1354"]
[Annotator "NA"]
[PlyCount "97"]
[EventDate "2019.08.21"]
[EventType "swiss"]
[EventCountry "CHN"]
[SourceTitle "playchess.com"]
[Source "ChessBase"]
[SourceQuality "1"]
[TimeControl "40/5400+30:1800+30"]

1. e4 e5 2. Nf3 Nc6 3. d4 exd4 4. Bc4 Nf6 5. O-O Nxe4 6. Re1 d5 7. Bxd5 Qxd5 8. Nc3 Qh5 9. Nxe4 Be6 10. Nxd4 Qxd1 11. Rxd1 O-O-O 12. Be3 Nxd4 13. Rxd4 Be7 14. c3 h6 15. Rxd8+ Rxd8 16. Bd4 f5 17. Ng3 Bf6 18. Bxf6 gxf6 19. b3 Rd3 20. c4 Kd7 21. Nh5 Ke7 22. Re1 Kf7 23. Nf4 Rd6 24. g3 a5 25. Kg2 a4 26. Kf3 axb3 27. axb3 Rb6 28. Nxe6 Rxe6 29. Rxe6 Kxe6 30. Kf4 h5 31. h4 b6 32. f3 c5 33. g4 fxg4 34. fxg4 hxg4 35. Kxg4 Kf7 36. Kf5 Kg7 37. h5 Kh6 38. Kxf6 Kxh5 39. Ke6 Kg5 40. Kd6 Kf5 41. Kc6 Ke5 42. Kxb6 Kd4 43. Kb5 Kc3 44. Kxc5 Kxb3 45. Kb5 Kc3 46. c5 Kd4 47. c6 Kd5 48. c7 Kd6 49. c8=Q 1-0

[Event "WCCC G12 2019"]
[Site "Weifang"]
[Date "2019.08.21"]
[Round "1"]
[White "Manko, Mariya"]
[Black "Khomich, Maryna"]
[Result "1-0"]
[ECO "A11"]
[WhiteElo "1895"]
[BlackElo "1332"]
[Annotator "NA"]
[PlyCount "45"]
[EventDate "2019.08.21"]
[EventType "swiss"]
[EventCountry "CHN"]
[SourceTitle "playchess.com"]
[Source "ChessBase"]
[SourceQuality "1"]
[TimeControl "40/5400+30:1800+30"]

1. Nf3 Nf6 2. g3 d5 3. c4 c6 4. Bg2 Bf5 5. cxd5 cxd5 6. Qb3 Qb6 7. Qxb6 axb6 8. Nc3 e6 9. O-O Be7 10. d3 Nc6 11. h3 h6 12. Re1 Bg6 13. e4 Nb4 14. Rd1 Nc2 15. Rb1 dxe4 16. Ne5 Bh7 17. dxe4 Bb4 18. Nc4 Ke7 19. Bf4 Rhd8 20. Bc7 Rxd1+ 21. Rxd1 Bxc3 22. Nxb6 Rxa2 23. Nc8+ 1-0

[Event "WCCC G12 2019"]
[Site "Weifang"]
[Date "2019.08.21"]
[Round "1"]
[White "Tang, Zoey"]
[Black "Ton, Nu Quynh Duong"]
[Result "1-0"]
[ECO "A45"]
[WhiteElo "1866"]
[BlackElo "1304"]
[Annotator "NA"]
[PlyCount "135"]
[EventDate "2019.08.21"]
[EventType "swiss"]
[EventCountry "CHN"]
[SourceTitle "playchess.com"]
[Source "ChessBase"]
[SourceQuality "1"]
[TimeControl "40/5400+30:1800+30"]

1. d4 Nf6 2. Bg5 e6 3. e4 h6 4. Bxf6 Qxf6 5. c3 d5 6. e5 Qd8 7. Bd3 c5 8. Ne2 Nc6 9. O-O Qb6 10. b3 Bd7 11. Bc2 Rc8 12. a3 Be7 13. Kh1 Qc7 14. f4 cxd4 15. Nxd4 Nxd4 16. Qxd4 Qc5 17. Qd2 b5 18. Rd1 f5 19. exf6 Bxf6 20. Bg6+ Ke7 21. f5 Bxc3 22. Nxc3 Qxc3 23. Qe2 Rc7 24. Re1 Qf6 25. Qd2 Rhc8 26. Qb4+ Rc5 27. Rad1 Kd8 28. fxe6 Bxe6 29. Bd3 Bd7 30. Rf1 Qc6 31. Qh4+ g5 32. Qg3 Rc1 33. Qf2 Rxd1 34. Rxd1 Qb6 35. Qf8+ Kc7 36. Qb4 Kb7 37. Qe7 Rc7 38. Qe5 Qc6 39. a4 a6 40. Be2 Be6 41. Bf3 Rd7 42. axb5 axb5 43. Qe3 Qb6 44. Qe5 Qd6 45. Qe2 Qc6 46. Bh5 Rd6 47. Bf3 Qd7 48. Qd3 g4 49. Be2 Rb6 50. Qe3 h5 51. Bd3 b4 52. Qg5 Bf7 53. Rf1 Rd6 54. Re1 Qc6 55. Qf4 Rd7 56. Qxb4+ Qb6 57. Qa4 Rc7 58. Ra1 Kc8 59. Bf5+ Kd8 60. Re1 Rb7 61. Qa3 Qb4 62. Qc1 Rc7 63. Qa1 Rb7 64. Qh8+ Kc7 65. Rc1+ Kb6 66. Qd8+ Ka6 67. Bd3+ Ka7 68. Ra1+ 1-0

[Event "WCCC G12 2019"]
[Site "Weifang"]
[Date "2019.08.21"]
[Round "1"]
[White "Karmanova, Olga Dm."]
[Black "Li, Joy Ching"]
[Result "1-0"]
[ECO "E94"]
[WhiteElo "1838"]
[BlackElo "1297"]
[Annotator "NA"]
[PlyCount "125"]
[EventDate "2019.08.21"]
[EventType "swiss"]
[EventCountry "CHN"]
[SourceTitle "playchess.com"]
[Source "ChessBase"]
[SourceQuality "1"]
[TimeControl "40/5400+30:1800+30"]

1. c4 Nf6 2. Nc3 g6 3. e4 d6 4. d4 Bg7 5. Nf3 Bg4 6. Be2 O-O 7. O-O e5 8. d5 c6 9. Bg5 h6 10. Be3 Qc7 11. Rc1 Nbd7 12. b4 c5 13. Nb5 Qb6 14. Nd2 Bxe2 15. Qxe2 a6 16. bxc5 Nxc5 17. Nc3 Qc7 18. Rb1 Rab8 19. Bxc5 Qxc5 20. Na4 Qc7 21. c5 dxc5 22. Nb6 Nd7 23. Ndc4 Rfe8 24. a4 Red8 25. a5 Nf6 26. Rb3 Ne8 27. Rc1 Nf6 28. Rbc3 Bf8 29. Nb2 Nd7 30. N2a4 Nxb6 31. axb6 Qd6 32. Rxc5 Qd7 33. R5c4 Rdc8 34. Qc2 Rxc4 35. Qxc4 h5 36. h3 Bh6 37. Rc2 Re8 38. Nb2 Qd6 39. Qc5 Qf6 40. Nc4 Bf8 41. Qc7 Re7 42. Qd8 Qf4 43. Nd6 a5 44. Rc8 Qh6 45. Qxe7 Qg7 46. Qxf8+ Qxf8 47. Rxf8+ Kxf8 48. Nxb7 Ke7 49. Nxa5 Kd7 50. Nc4 f6 51. Kf1 h4 52. Ke2 g5 53. Na5 Kd6 54. b7 Kc7 55. d6+ Kxd6 56. b8=Q+ Kc5 57. Qc7+ Kd4 58. Nb3+ Kxe4 59. Kd2 Kf5 60. Ke3 g4 61. Qd7+ Kg5 62. Qg7+ Kf5 63. Qxg4# 1-0

[Event "WCCC G12 2019"]
[Site "Weifang"]
[Date "2019.08.21"]
[Round "1"]
[White "Zhang, Ellie"]
[Black "Yan, Ruiyang"]
[Result "0-1"]
[ECO "D02"]
[WhiteElo "1356"]
[BlackElo "1983"]
[Annotator "NA"]
[PlyCount "108"]
[EventDate "2019.08.21"]
[EventType "swiss"]
[EventCountry "CHN"]
[SourceTitle "playchess.com"]
[Source "ChessBase"]
[SourceQuality "1"]
[TimeControl "40/5400+30:1800+30"]

1. d4 Nf6 2. Bf4 e6 3. Nf3 d5 4. e3 Bd6 5. Ne5 O-O 6. Bd3 c5 7. c3 b6 8. Nd2 Bb7 9. O-O Nc6 10. Re1 Qc7 11. Nxc6 Bxc6 12. Bxd6 Qxd6 13. Nf3 Ne4 14. Ne5 f6 15. Nxc6 Qxc6 16. f3 Nd6 17. Bc2 f5 18. Qd2 Rac8 19. Rad1 b5 20. a3 a5 21. Re2 Rf7 22. Rde1 e5 23. dxe5 Nc4 24. Qc1 Nxe5 25. e4 fxe4 26. fxe4 d4 27. cxd4 cxd4 28. Qd2 d3 29. Bxd3 Rd7 30. Re3 Rcd8 31. Qxa5 Nxd3 32. R1e2 Qc1+ 33. Re1 Nxe1 34. Rxe1 Qxe1+ 35. Qxe1 Rd1 36. Kf2 Rxe1 37. Kxe1 Re8 38. Kd2 Rxe4 39. b3 Kf7 40. Kd3 Rg4 41. g3 Ke6 42. b4 Kd5 43. Kc3 Rc4+ 44. Kb3 Re4 45. a4 Re3+ 46. Kb2 bxa4 47. g4 Kc4 48. h4 Kxb4 49. g5 Re2+ 50. Kc1 a3 51. Kb1 Kb3 52. Kc1 a2 53. Kd1 Rh2 54. h5 a1=R# 0-1

[Event "WCCC G12 2019"]
[Site "Weifang"]
[Date "2019.08.21"]
[Round "1"]
[White "Macharashvili, Ana"]
[Black "Shvedova, Alexandra"]
[Result "0-1"]
[ECO "D02"]
[WhiteElo "1341"]
[BlackElo "1932"]
[Annotator "NA"]
[PlyCount "110"]
[EventDate "2019.08.21"]
[EventType "swiss"]
[EventCountry "CHN"]
[SourceTitle "playchess.com"]
[Source "ChessBase"]
[SourceQuality "1"]
[TimeControl "40/5400+30:1800+30"]

1. d4 d5 2. Nf3 Nf6 3. Bf4 c5 4. e3 Nc6 5. c3 Qb6 6. b3 Bf5 7. Bd3 Bxd3 8. Qxd3 e6 9. Nbd2 Rd8 10. Ne5 Be7 11. Ndf3 O-O 12. O-O Ne4 13. Nxc6 bxc6 14. Qc2 cxd4 15. exd4 c5 16. c4 cxd4 17. cxd5 Nc3 18. dxe6 fxe6 19. Be5 Bf6 20. Bxf6 gxf6 21. Qd3 e5 22. Nd2 Qb7 23. Rfe1 Kh8 24. Ne4 Nd5 25. Rac1 Nf4 26. Qf3 Rg8 27. Kh1 Rxg2 28. Rg1 Rxg1+ 29. Rxg1 f5 30. Ng5 Qxf3+ 31. Nxf3 Ng6 32. Rd1 d3 33. Kg2 e4 34. Nd2 Nf4+ 35. Kf1 Ne2 36. Nc4 f4 37. Ke1 Rg8 38. Kd2 Rd8 39. h3 Kg7 40. Ne5 Kf6 41. Nc4 Kf5 42. Rb1 Nd4 43. b4 Nc2 44. b5 Ke6 45. Rg1 Kd5 46. Nb2 Kc5 47. Kc1 Nd4 48. Rg5+ Kb4 49. Kd1 Nxb5 50. Rg4 Nc3+ 51. Kd2 Nd5 52. Rg7 Rc8 53. Kd1 Rc2 54. Rb7+ Nb6 55. Nxd3+ exd3 0-1

[Event "WCCC G12 2019"]
[Site "Weifang"]
[Date "2019.08.21"]
[Round "1"]
[White "Boshoma, Chisomo"]
[Black "Wang, Ellen"]
[Result "0-1"]
[ECO "B42"]
[WhiteElo "1312"]
[BlackElo "1867"]
[Annotator "NA"]
[PlyCount "94"]
[EventDate "2019.08.21"]
[EventType "swiss"]
[EventCountry "CHN"]
[SourceTitle "playchess.com"]
[Source "ChessBase"]
[SourceQuality "1"]
[TimeControl "40/5400+30:1800+30"]

1. e4 c5 2. Nf3 e6 3. d4 cxd4 4. Nxd4 a6 5. Bd3 Nf6 6. O-O Qc7 7. Nc3 d6 8. Be3 Be7 9. Nb3 O-O 10. f4 b5 11. Qf3 Bb7 12. g4 d5 13. g5 dxe4 14. Nxe4 Nxe4 15. Bxe4 Bxe4 16. Qxe4 Nc6 17. c3 Rfd8 18. h4 Bd6 19. Rad1 Ne7 20. Nd4 Bc5 21. h5 Bxd4 22. Bxd4 Nf5 23. Kg2 Qc4 24. Rf2 Rd5 25. b3 Qc6 26. Rfd2 Rad8 27. Rd3 Qd7 28. Kh2 b4 29. Bb6 Rxd3 30. Qxd3 Qxd3 31. Rxd3 Rxd3 32. cxb4 Rd2+ 33. Kh3 Rxa2 34. Bc5 Rb2 35. b5 Rxb3+ 36. Kg2 Rxb5 37. Kf2 Rxc5 38. Ke2 a5 39. g6 fxg6 40. hxg6 h5 41. Kd3 a4 42. Ke4 a3 43. Kd3 a2 44. Ke2 a1=Q 45. Kf3 Rc3+ 46. Ke2 Qb2+ 47. Kf1 Rc1# 0-1

[Event "WCCC G12 2019"]
[Site "Weifang"]
[Date "2019.08.21"]
[Round "1"]
[White "Huang, Yuen Tung"]
[Black "Nurmanova, Alua"]
[Result "0-1"]
[ECO "B84"]
[WhiteElo "1298"]
[BlackElo "1850"]
[Annotator "NA"]
[PlyCount "118"]
[EventDate "2019.08.21"]
[EventType "swiss"]
[EventCountry "CHN"]
[SourceTitle "playchess.com"]
[Source "ChessBase"]
[SourceQuality "1"]
[TimeControl "40/5400+30:1800+30"]

1. e4 c5 2. Nf3 d6 3. d4 cxd4 4. Nxd4 Nf6 5. Nc3 a6 6. Be3 e6 7. Be2 Qc7 8. O-O b5 9. Bf3 Bb7 10. a3 Be7 11. Qd3 Nbd7 12. Nde2 Ne5 13. Qd4 g5 14. h3 Rg8 15. Ng3 Nxf3+ 16. gxf3 h5 17. a4 h4 18. Nge2 b4 19. Qxb4 d5 20. Qb6 Qxb6 21. Bxb6 dxe4 22. Nxe4 Nxe4 23. fxe4 Bxe4 24. f3 Bxc2 25. Rfc1 Bd3 26. Kf2 Rb8 27. Bd4 Bd6 28. Rd1 Bxe2 29. Kxe2 Ke7 30. Rd2 Rgc8 31. Kd1 Bf4 32. Rc2 Rd8 33. Ke2 Rxd4 34. Ra3 Rbd8 35. a5 Rd2+ 36. Rxd2 Rxd2+ 37. Kf1 Rxb2 38. Ke1 f5 39. Kd1 Rh2 40. Rb3 Ra2 41. Rb7+ Kf6 42. Rb3 Ke5 43. Rd3 Rd2+ 44. Rxd2 Bxd2 45. Kxd2 g4 46. fxg4 fxg4 47. Ke2 gxh3 48. Kf2 Kd4 49. Kg1 e5 50. Kh2 e4 51. Kxh3 e3 52. Kxh4 e2 53. Kg5 e1=Q 54. Kg6 Qe5 55. Kf7 Qd6 56. Ke8 Qc7 57. Kf8 Ke5 58. Kg8 Kf6 59. Kh8 Qg7# 0-1

[Event "WCCC G12 2019"]
[Site "Weifang"]
[Date "2019.08.21"]
[Round "1"]
[White "Macdonald, Amaya"]
[Black "Braeutigam, Katerina"]
[Result "1-0"]
[ECO "D02"]
[WhiteElo "1277"]
[BlackElo "1808"]
[Annotator "NA"]
[PlyCount "59"]
[EventDate "2019.08.21"]
[EventType "swiss"]
[EventCountry "CHN"]
[SourceTitle "playchess.com"]
[Source "ChessBase"]
[SourceQuality "1"]
[TimeControl "40/5400+30:1800+30"]

1. d4 Nf6 2. g3 d5 3. Bg2 c5 4. c3 e6 5. Nf3 Bd6 6. O-O Nbd7 7. Nbd2 c4 8. b3 b5 9. a4 b4 10. cxb4 c3 11. Nb1 Bxb4 12. Qc2 Ba6 13. Ba3 Bxa3 14. Rxa3 Rc8 15. b4 Ne4 16. Ne5 Bxe2 17. Re1 Nxe5 18. dxe5 Bd3 19. Qxd3 c2 20. Nc3 d4 21. Bxe4 dxc3 22. Qxd8+ Kxd8 23. Bxc2 Ke7 24. Re3 Rhd8 25. Raxc3 Rxc3 26. Rxc3 h6 27. Rc7+ Rd7 28. Rc4 f6 29. f4 g5 30. Rc6 1-0

[Event "WCCC G12 2019"]
[Site "Weifang"]
[Date "2019.08.22"]
[Round "2"]
[White "Yan, Ruiyang"]
[Black "Zhu, Jenny"]
[Result "1/2-1/2"]
[ECO "A31"]
[WhiteElo "1983"]
[BlackElo "1516"]
[Annotator "NA"]
[PlyCount "131"]
[EventDate "2019.08.21"]
[EventType "swiss"]
[EventCountry "CHN"]
[SourceTitle "playchess.com"]
[Source "ChessBase"]
[SourceQuality "1"]
[TimeControl "40/5400+30:1800+30"]

1. e4 c5 2. Nf3 e6 3. d4 cxd4 4. Nxd4 a6 5. c4 Nf6 6. Nc3 Qc7 7. a3 b6 8. Be3 Bb7 9. f3 d6 10. Be2 Be7 11. O-O Nbd7 12. Rc1 O-O 13. Qd2 Rac8 14. Rfd1 Rfe8 15. b4 Qb8 16. Nb3 Bd8 17. Bf4 Ne5 18. Bxe5 dxe5 19. c5 bxc5 20. Nxc5 Bb6 21. N3a4 Red8 22. Qb2 Rxd1+ 23. Rxd1 Bxc5+ 24. Nxc5 a5 25. Nxb7 Qxb7 26. b5 Qb6+ 27. Kf1 h5 28. Qxe5 Rd8 29. Rxd8+ Qxd8 30. Qc5 Nd7 31. Qd6 Qc8 32. b6 Nxb6 33. Qxb6 Qc1+ 34. Kf2 Qxa3 35. Qd8+ Kh7 36. Qd3 Qc5+ 37. Qe3 Qc7 38. f4 g6 39. e5 Qe7 40. Qd4 Qh4+ 41. Kg1 Qe1+ 42. Bf1 Kg7 43. g3 Qb1 44. Kf2 Qa2+ 45. Be2 a4 46. Qc3 Kg8 47. h3 Kg7 48. Ke3 Kh7 49. g4 hxg4 50. hxg4 Kg7 51. Bc4 Qg2 52. Be2 Qg3+ 53. Bf3 Qg1+ 54. Kd3 Qf1+ 55. Kd4 Qf2+ 56. Kc4 Qh2 57. Qc1 Qa2+ 58. Kd3 Qb3+ 59. Qc3 Qb1+ 60. Kc4 Kh7 61. Kc5 Kg7 62. Kc6 Qb8 63. Kd7 Qa7+ 64. Qc7 Qd4+ 65. Kc8 a3 66. Qd8 1/2-1/2

[Event "WCCC G12 2019"]
[Site "Weifang"]
[Date "2019.08.22"]
[Round "2"]
[White "Shvedova, Alexandra"]
[Black "Li, Melina"]
[Result "1-0"]
[ECO "B18"]
[WhiteElo "1932"]
[BlackElo "1505"]
[Annotator "NA"]
[PlyCount "79"]
[EventDate "2019.08.21"]
[EventType "swiss"]
[EventCountry "CHN"]
[SourceTitle "playchess.com"]
[Source "ChessBase"]
[SourceQuality "1"]
[TimeControl "40/5400+30:1800+30"]

1. e4 c6 2. d4 d5 3. Nc3 dxe4 4. Nxe4 Bf5 5. Ng3 Bg6 6. Nf3 e6 7. Bd3 Bxd3 8. Qxd3 Nf6 9. O-O Be7 10. c4 O-O 11. b3 c5 12. Rd1 Nc6 13. Bb2 Qb6 14. Qe2 cxd4 15. Nxd4 Rfe8 16. Rd2 Rad8 17. Rad1 Bb4 18. Rd3 e5 19. Nxc6 Rxd3 20. Rxd3 Qxc6 21. Re3 e4 22. Bxf6 Qxf6 23. Rxe4 Rxe4 24. Qxe4 Qa1+ 25. Nf1 Qxa2 26. Qxb7 Bc5 27. Qb8+ Bf8 28. c5 Qc2 29. b4 Qc4 30. Qb7 g6 31. g3 a5 32. c6 Bd6 33. bxa5 Qc2 34. Ne3 Qc1+ 35. Kg2 f5 36. a6 f4 37. a7 fxe3 38. a8=Q+ Bf8 39. Qa2+ Kh8 40. Qbf7 1-0

[Event "WCCC G12 2019"]
[Site "Weifang"]
[Date "2019.08.22"]
[Round "2"]
[White "Wang, Ellen"]
[Black "Liu, Kelsey"]
[Result "1-0"]
[ECO "D02"]
[WhiteElo "1867"]
[BlackElo "1486"]
[Annotator "NA"]
[PlyCount "69"]
[EventDate "2019.08.21"]
[EventType "swiss"]
[EventCountry "CHN"]
[SourceTitle "playchess.com"]
[Source "ChessBase"]
[SourceQuality "1"]
[TimeControl "40/5400+30:1800+30"]

1. d4 Nf6 2. Nf3 g6 3. Bf4 Bg7 4. e3 d5 5. Be2 b6 6. h3 Bb7 7. O-O Nbd7 8. c3 Ne4 9. Nbd2 e6 10. a4 a6 11. Qc2 h6 12. Nxe4 dxe4 13. Nd2 f5 14. f3 Nf6 15. fxe4 Nxe4 16. Bf3 Nxd2 17. Bxb7 Nxf1 18. Bc6+ Kf7 19. Rxf1 Ra7 20. e4 Kg8 21. Qb3 Qe7 22. exf5 gxf5 23. Re1 Kh7 24. Rxe6 Qh4 25. Rxh6+ Qxh6 26. Bxh6 Kxh6 27. Qe6+ Kg5 28. d5 Rd8 29. h4+ Kf4 30. g3+ Kxg3 31. Qg6+ Kxh4 32. Qxg7 Kh5 33. Kf2 a5 34. Kf3 Rd6 35. Kf4 1-0

[Event "WCCC G12 2019"]
[Site "Weifang"]
[Date "2019.08.22"]
[Round "2"]
[White "Nurmanova, Alua"]
[Black "Vu, My Linh"]
[Result "1-0"]
[ECO "B09"]
[WhiteElo "1850"]
[BlackElo "1467"]
[Annotator "NA"]
[PlyCount "69"]
[EventDate "2019.08.21"]
[EventType "swiss"]
[EventCountry "CHN"]
[SourceTitle "playchess.com"]
[Source "ChessBase"]
[SourceQuality "1"]
[TimeControl "40/5400+30:1800+30"]

1. e4 d6 2. d4 Nf6 3. Nc3 g6 4. f4 Bg7 5. Nf3 c5 6. dxc5 Qa5 7. Qd3 Nbd7 8. cxd6 exd6 9. Bd2 Qb4 10. Nb5 Qxe4+ 11. Qxe4+ Nxe4 12. Nc7+ Kd8 13. Nxa8 b6 14. Bd3 Ndc5 15. a4 Bxb2 16. Ra2 Bc3 17. Bxe4 Nxe4 18. Bxc3 Nxc3 19. Ra3 Re8+ 20. Kd2 Ne4+ 21. Kc1 Bb7 22. a5 b5 23. Nb6 axb6 24. axb6 Kd7 25. Nd4 Nc5 26. Ra7 Re4 27. Rd1 Rxf4 28. Ra5 Bc6 29. Ra7+ Bb7 30. Ra5 Bc6 31. Nxb5 Bxb5 32. Rxb5 Kc6 33. Rb1 Na4 34. b7 Nc3 35. b8=Q 1-0

[Event "WCCC G12 2019"]
[Site "Weifang"]
[Date "2019.08.22"]
[Round "2"]
[White "Yang, Jianan"]
[Black "Mikheeva, Galina"]
[Result "0-1"]
[ECO "C54"]
[WhiteElo "1512"]
[BlackElo "1952"]
[Annotator "NA"]
[PlyCount "160"]
[EventDate "2019.08.21"]
[EventType "swiss"]
[EventCountry "CHN"]
[SourceTitle "playchess.com"]
[Source "ChessBase"]
[SourceQuality "1"]
[TimeControl "40/5400+30:1800+30"]

1. e4 e5 2. Nf3 Nc6 3. Bc4 Bc5 4. c3 Nf6 5. d3 O-O 6. O-O d5 7. exd5 Nxd5 8. Re1 Bg4 9. h3 Bh5 10. Nbd2 Nb6 11. Ne4 Be7 12. Bb3 Bg6 13. Be3 Qd7 14. Qe2 Rfe8 15. Rad1 Rad8 16. Nh2 Qc8 17. f3 Kh8 18. Nf1 f5 19. Nf2 Bf6 20. Bc1 Re7 21. Ne3 Rde8 22. Nd5 Nxd5 23. Bxd5 Nd8 24. Qf1 c6 25. Bb3 Ne6 26. Re2 b5 27. Bc2 c5 28. a4 a6 29. axb5 axb5 30. Be3 Rd8 31. Ra1 Bh4 32. Ree1 Qc7 33. Red1 Red7 34. Ra6 Nf8 35. Nh1 f4 36. Bf2 Be7 37. Qe2 Bf5 38. Raa1 Ng6 39. Be1 Qb6 40. Kh2 Rd5 41. Nf2 h6 42. Ne4 R5d7 43. Bf2 b4 44. Qe1 b3 45. Bb1 Qc6 46. c4 Bxe4 47. Qxe4 Qxe4 48. fxe4 Rb7 49. Rc1 Nf8 50. Rc3 Ne6 51. Ra6 Nd4 52. Bxd4 exd4 53. Rc1 Rd6 54. Ra8+ Kh7 55. Rf1 Rf6 56. Rf3 g5 57. Ra5 Kg7 58. g4 h5 59. Kg2 hxg4 60. hxg4 Rh6 61. Rh3 Rxh3 62. Kxh3 Kf6 63. Kg2 Ke5 64. Kf3 Bd6 65. Ra3 Rb8 66. Kg2 Rb7 67. Kf3 Rh7 68. Rxb3 Rh3+ 69. Kg2 Rg3+ 70. Kf2 Rxg4 71. Bc2 Rh4 72. Bd1 g4 73. Rb7 g3+ 74. Kg1 Rh2 75. Bg4 Rd2 76. Rf7 Rxd3 77. Rf5+ Kxe4 78. Rd5 Be5 79. Rxc5 Rb3 80. Bh5 Bb8 0-1

[Event "WCCC G12 2019"]
[Site "Weifang"]
[Date "2019.08.22"]
[Round "2"]
[White "Nguyen, Ha Khanh Linh"]
[Black "Manko, Mariya"]
[Result "0-1"]
[ECO "A57"]
[WhiteElo "1500"]
[BlackElo "1895"]
[Annotator "NA"]
[PlyCount "164"]
[EventDate "2019.08.21"]
[EventType "swiss"]
[EventCountry "CHN"]
[SourceTitle "playchess.com"]
[Source "ChessBase"]
[SourceQuality "1"]
[TimeControl "40/5400+30:1800+30"]

1. d4 Nf6 2. c4 c5 3. d5 b5 4. Qc2 Na6 5. a3 bxc4 6. e4 e6 7. Bxc4 exd5 8. exd5 Bd6 9. Nc3 O-O 10. Nge2 Nc7 11. O-O Bb7 12. Bf4 Qe7 13. Bxd6 Qxd6 14. Ng3 Qf4 15. Qd3 Ng4 16. Qe4 Qg5 17. Qf5 Qh4 18. Qh5 Qxh5 19. Nxh5 Ne5 20. Ba2 d6 21. Rad1 Ba6 22. Rfe1 Rab8 23. Rd2 Rfe8 24. Rb1 Nc4 25. Bxc4 Bxc4 26. Ng3 Nb5 27. Nxb5 Rxb5 28. Nf5 Rb6 29. h3 g6 30. Ne3 Bb3 31. g3 f5 32. Rc1 Re5 33. Rc3 Kg7 34. f3 Re7 35. Kf2 Kf6 36. h4 h6 37. Rc1 Rg7 38. Re2 a6 39. Rd2 a5 40. Re1 Re7 41. Rc1 Rb8 42. Ng2 Re5 43. Ne3 Re7 44. Ng2 Rh7 45. Rh1 a4 46. Ne3 Rbb7 47. Re1 Rh8 48. Ng2 Re7 49. Rxe7 Kxe7 50. Nf4 Kf7 51. Nh3 Kf6 52. f4 Re8 53. Ng1 g5 54. Ne2 gxh4 55. gxh4 Rg8 56. Nc3 Rg4 57. Kf3 Rxh4 58. Re2 Kf7 59. Rd2 h5 60. Ne2 Kg6 61. Ng3 Rg4 62. Nf1 h4 63. Ne3 Rg3+ 64. Kf2 Kf6 65. Re2 Rg7 66. Re1 Rh7 67. Rh1 Ba2 68. Rh2 Bb1 69. Rh1 Be4 70. Rh2 Rh8 71. Kg1 Kg6 72. Kf2 Kh5 73. Kf1 Rb8 74. Kg1 Rb3 75. Nc4 Bxd5 76. Nxd6 Kg6 77. Ne8 Bf3 78. Nc7 h3 79. Rd2 Kf6 80. Kh2 Kg6 81. Ne6 Re3 82. Nxc5 Re1 0-1

[Event "WCCC G12 2019"]
[Site "Weifang"]
[Date "2019.08.22"]
[Round "2"]
[White "Szopa, Emilia"]
[Black "Tang, Zoey"]
[Result "1-0"]
[ECO "B28"]
[WhiteElo "1482"]
[BlackElo "1866"]
[Annotator "NA"]
[PlyCount "29"]
[EventDate "2019.08.21"]
[EventType "swiss"]
[EventCountry "CHN"]
[SourceTitle "playchess.com"]
[Source "ChessBase"]
[SourceQuality "1"]
[TimeControl "40/5400+30:1800+30"]

1. e4 c5 2. Nf3 a6 3. d4 cxd4 4. Nxd4 Nf6 5. Nc3 e5 6. Nf3 Bb4 7. a3 Bxc3+ 8. bxc3 Qc7 9. Qd3 d5 10. exd5 e4 11. d6 Qc6 12. Qe3 Ng4 13. Qg5 Qxc3+ 14. Nd2 Qxa1 15. Qe7# 1-0

[Event "WCCC G12 2019"]
[Site "Weifang"]
[Date "2019.08.22"]
[Round "2"]
[White "Akshaya Rajaraman"]
[Black "Karmanova, Olga Dm."]
[Result "0-1"]
[ECO "B84"]
[WhiteElo "1457"]
[BlackElo "1838"]
[Annotator "NA"]
[PlyCount "72"]
[EventDate "2019.08.21"]
[EventType "swiss"]
[EventCountry "CHN"]
[SourceTitle "playchess.com"]
[Source "ChessBase"]
[SourceQuality "1"]
[TimeControl "40/5400+30:1800+30"]

1. e4 c5 2. Nf3 e6 3. d4 cxd4 4. Nxd4 Nf6 5. Nc3 d6 6. Be2 Be7 7. O-O O-O 8. Be3 a6 9. f4 Qc7 10. Kh1 b5 11. a3 Bb7 12. Bf3 Nc6 13. Qe1 Na5 14. Qg3 Nc4 15. Bc1 Kh8 16. f5 e5 17. Nde2 Bc6 18. Qh3 Qb7 19. g4 Nxe4 20. Qg2 d5 21. g5 Ned2 22. g6 fxg6 23. fxg6 Rxf3 24. Rxf3 Nxf3 25. Qh3 Nh4 26. Na2 d4+ 27. Kg1 Rf8 28. Qg3 Nxg6 29. Nb4 Bh4 30. Qh3 Bf2+ 31. Kf1 Bd7 32. Qg2 Bh3 33. Qxh3 Qh1+ 34. Ng1 Qxg1+ 35. Ke2 Qe1+ 36. Kd3 e4# 0-1

[Event "WCCC G12 2019"]
[Site "Weifang"]
[Date "2019.08.22"]
[Round "2"]
[White "Pallie, Ehsha Mishela"]
[Black "Bochnickova, Simona"]
[Result "1-0"]
[ECO "C67"]
[WhiteElo "1444"]
[BlackElo "1767"]
[Annotator "NA"]
[PlyCount "95"]
[EventDate "2019.08.21"]
[EventType "swiss"]
[EventCountry "CHN"]
[SourceTitle "playchess.com"]
[Source "ChessBase"]
[SourceQuality "1"]
[TimeControl "40/5400+30:1800+30"]

1. e4 e5 2. Nf3 Nc6 3. Bb5 Nf6 4. O-O Nxe4 5. d4 Nd6 6. Bxc6 dxc6 7. dxe5 Nf5 8. Qxd8+ Kxd8 9. Nc3 Bd7 10. b3 Kc8 11. Bf4 h5 12. Rad1 Be7 13. Ne2 Rd8 14. Rfe1 c5 15. Ng3 Nxg3 16. Bxg3 Be6 17. a3 b6 18. Bh4 Bxh4 19. Nxh4 Kb7 20. f4 Kc6 21. Rxd8 Rxd8 22. f5 Bd5 23. e6 Re8 24. exf7 Rxe1+ 25. Kf2 Bxf7 26. Kxe1 Kd5 27. Nf3 g6 28. Ng5 Bg8 29. f6 Ke5 30. f7 Bxf7 31. Nxf7+ Kf6 32. Nd8 a5 33. Nc6 Ke6 34. Na7 Kd5 35. Nb5 c6 36. Nc3+ Kd4 37. Kd2 b5 38. Ne2+ Ke4 39. h3 c4 40. bxc4 b4 41. axb4 axb4 42. c3 b3 43. Nd4 b2 44. Kc2 c5 45. Ne6 b1=Q+ 46. Kxb1 Kd3 47. Nf4+ Kxc4 48. Kc2 1-0